 Dungeon Crawl Stone Soup version 0.30-a0-830-gfe289a77b0 (webtiles) character file.

Game seed: 12770913662682200743

41 ytrimaz the Trooper (level 3, 0/42 HPs)
             Began as an Ogre Monk on Feb 28, 2023.
             Slain by a hobgoblin
             ... wielding a +0 quarterstaff
              (10 damage)
             ... on level 2 of the Dungeon.
             The game lasted 00:01:31 (1329 turns).

ytrimaz the Trooper (Ogre Monk)                     Turns: 1329, Time: 00:01:32

Health: 0/42       AC:  3    Str: 17    XL:     3   Next: 52%
Magic:  3/3        EV: 10    Int: 11    God:
Gold:   92         SH:  0    Dex: 11    Spells: 2/2 levels left

rFire   . . .      SeeInvis .    a - +0 mace
rCold   + . .      Faith    .    (no shield)
rNeg    . . .      Spirit   .    b - +0 robe
rPois   .          Reflect  .    (helmet restricted)
rElec   .          Harm     .    (no cloak)
rCorr   .          Rampage  .    (gloves unavailable)
Will    .....                    (boots unavailable)
Stlth   +                        (no amulet)
HPRegen 0.27/turn                f - ring of protection from cold
MPRegen 0.08/turn                (no ring)

@: confused, ambrosia-drunk
A: large, unfitting armour, tough skin 1
a: no special abilities


You were on level 2 of the Dungeon.
You visited 1 branch of the dungeon, and saw 2 of its levels.

You collected 92 gold pieces.


Innate Abilities, Weirdness & Mutations

You are too large for most types of armour.
You have tough skin. (AC +1)


   Skills:
 + Level 5.0 Fighting
 * Level 3.5 Maces & Flails
 - Level 2.6 Dodging
 - Level 1.4 Stealth


You had 2 spell levels left.
You didn't know any spells.
Your spell library contained the following spells:

 Spells                   Type           Power      Damage    Failure   Level
 Portal Projectile        Hex/Tloc       0%         N/A       71%         3
 Tukima's Dance           Hex            0%         N/A       71%         3
 Blade Hands              Tmut           0%         N/A       100%        5

Inventory:

Hand Weapons
 a - a +0 mace (weapon)
Armour
 b - a +0 robe (worn)
Jewellery
 f - a ring of protection from cold (left hand)
   (You found it on level 1 of the Dungeon)
Scrolls
 d - 2 scrolls of blinking
 g - a scroll of noise
 h - a scroll of teleportation {unknown}
Potions
 e - a potion of invisibility {unknown}
 i - 2 potions of brilliance {unknown}

Dungeon Overview and Level Annotations

Branches:
Dungeon (2/15) Zot: 10637

Altars:

Shops:
D:2

[ ..... #.#.#...>##.### ....
#.....).)...... ##''#
###...#.#..##.##.
#####...#####∩....#.....#.##.
...........##.....###...#.##.
...........##.....##......###
...........##..........####
.>........J##.....#..#....#
..........gg@.....#.......#
..........S######.##.######
...........# #.##.#
...........# #.##.#
...........# #.##.#
..........# #....# ........#
### ###.....#


You could see an adder, an endoplasm and 2 hobgoblins.


Message History

😕 HP[+1] 😕 HP[+1]
There is an entrance to Qisefaepi's Armour Emporium here.
You see here a +0 short sword.
There is a stone staircase leading down here.
Key pressed, stopping explore.
Key pressed, stopping explore.
An endoplasm comes into view.
A hobgoblin comes into view.
It is wielding a +0 quarterstaff. 😎 HP[+9]
Your hp is fully restored (42).
There are monsters nearby!
There are monsters nearby!
There are monsters nearby!
There are monsters nearby!
An adder and a hobgoblin come into view.
The endoplasm quivers.
Found an escape hatch in the floor.
The adder hisses angrily.
The hobgoblin shouts!
The endoplasm hits you but does no damage.
You barely miss the adder. The adder bites you but does no damage.
The endoplasm hits you. The adder bites you. 😕 HP[-5]
You take 5 damage, and now have 37/42 hp.
The hobgoblin shouts!
You hit the adder.
The endoplasm hits you but does no damage.
The adder misses you.
You barely miss the adder. The adder misses you. The endoplasm freezes you.
You are frozen.
You resist. The adder closely misses you.
The endoplasm hits you but does no damage.
You closely miss the adder. The adder barely misses you.
The hobgoblin hits you.
The endoplasm hits you but does no damage. 😕 HP[-3]
You take 3 damage, and now have 34/42 hp.
You closely miss the adder. The adder closely misses you.
The hobgoblin hits you. The endoplasm freezes you.
You are frozen.
You resist. The adder closely misses you. 😮 HP[-5]
You take 5 damage, and now have 29/42 hp.
You are too injured to fight recklessly!
You are too injured to fight recklessly!
The adder attacks as you move away! The adder closely misses you.
The hobgoblin hits you.
Unknown command.
The adder barely misses you. The adder attacks as you move away!
The adder completely misses you. The endoplasm attacks as you move away!
The endoplasm closely misses you. The hobgoblin attacks as you move away!
The hobgoblin hits you with a +0 quarterstaff.
The hobgoblin attacks as you move away!
The hobgoblin hits you with a +0 quarterstaff. 😮 HP[-5]
You take 5 damage, and now have 24/42 hp.
You closely miss the hobgoblin.
The hobgoblin hits you with a +0 quarterstaff.
* * * LOW HITPOINT WARNING * * *
😨 HP[-4]
You take 4 damage, and now have 20/42 hp.
You are too injured to fight recklessly!
You barely miss the hobgoblin.
The hobgoblin hits you with a +0 quarterstaff.
* * * LOW HITPOINT WARNING * * *
The hobgoblin barely misses you.
Unknown command. 😨 HP[-4]
You take 4 damage, and now have 16/42 hp.
You are too injured to fight recklessly!
You closely miss the hobgoblin.
The hobgoblin hits you with a +0 quarterstaff!
* * * LOW HITPOINT WARNING * * *
😱 HP[-7]
You take 7 damage, and now have 9/42 hp.
You hit the hobgoblin but do no damage.
The hobgoblin hits you with a +0 quarterstaff.
* * * LOW HITPOINT WARNING * * *
😱 HP[-2]
You take 2 damage, and now have 7/42 hp.
You are too injured to fight recklessly!
Unknown command.
You are confused.
You feel invigorated.
The hobgoblin barely misses you. 😨 HP[+4]
You regained 4 hp, and now have 11/42 hp.
The hobgoblin hits you with a +0 quarterstaff!
* * * LOW HITPOINT WARNING * * *
😱 HP[-6]
You take 6 damage, and now have 5/42 hp.
The hobgoblin hits you with a +0 quarterstaff!
* * * LOW HITPOINT WARNING * * *
😱 HP[-2]
You take 2 damage, and now have 3/42 hp.
The hobgoblin closely misses you. 😱 HP[+3]
You regained 3 hp, and now have 6/42 hp.
The hobgoblin hits you with a +0 quarterstaff!
You die...

Skill      XL: |  1  2  3 |
---------------+----------+-----
Maces & Flails | 3 |  3.5
Fighting       | 5 |  5.0
Dodging        | |  2.6
Stealth        | |  1.4

Action                     || total
---------------------------++-------
  Melee: Mace              ||   139
         Punch             ||     5
    Use: Scroll            ||     2
         Potion            ||     1
   Stab: Sleeping          ||     2
 Armour: Robe              ||    52
  Dodge: Dodged            ||    92

Levels and vault maps discovered:
D:1:      roderic_crop_circles_arrival_small, layout_basic, minmay_crystal_room,
          due_unseen_surprise
D:2:      kennysheep_big_flooded_room, layout_basic, serial_shops, shop, shop

Notes
Turn   | Place    | Note
-------+----------+-------------------------------------------
     0 | D:1      | ytrimaz the Ogre Monk began the quest for the Orb.
     0 | D:1      | Reached XP level 1. HP: 24/24 MP: 1/1
     0 | D:1      | magus.rc [v1.9.6]
   190 | D:1      | Reached XP level 2. HP: 14/33 MP: 2/2
   192 | D:1      | HP: 7/33 [rat (3)]
   194 | D:1      | Reached skill level 3 in Maces & Flails
   352 | D:1      | You pick up a book of Weapons and begin reading...
   352 | D:1      | You add the spells Tukima's Dance, Portal Projectile and
                  | Blade Hands to your library.
   701 | D:1      | Reached XP level 3. HP: 35/40 MP: 3/3
  1219 | D:2      | Found Qisefaepi's Armour Emporium.
  1222 | D:2      | Reached skill level 5 in Fighting
  1323 | D:2      | HP: 9/42 [hobgoblin/+0 quarterstaff (8)]
  1327 | D:2      | HP: 3/42 [hobgoblin/+0 quarterstaff (7)]
  1329 | D:2      | Slain by a hobgoblin

Vanquished Creatures
  A worm (D:2)
  A dart slug (D:1)
  4 ball pythons (D:2)
  2 endoplasms
  3 goblins (D:1)
  7 hobgoblins
  4 quokkas
  2 bats
  A frilled lizard (D:2)
  4 kobolds
  4 rats
33 creatures vanquished.

Table legend:
 A = Non-vault XP
 B = Vault XP
 C = Vault XP percentage of total XP
 D = Non-vault monster count
 E = Vault monster count
 F = Vault count percentage of total count
                 A         B        C        D         E       F
            +---------+---------+-------+---------+---------+-------
      Total |      59 |       0 |   0.0 |      33 |       0 |   0.0
            +---------+---------+-------+---------+---------+-------
        D:1 |      37 |       0 |   0.0 |      21 |       0 |   0.0
        D:2 |      22 |       0 |   0.0 |      12 |       0 |   0.0
            +---------+---------+-------+---------+---------+-------

Illustrated notes

Table legend:
 A = Kills in this place as a percentage of kills in the entire game.
 B = Kills by you in this place as a percentage of kills by you in the entire game.
 C = Kills by friends in this place as a percentage of kills by friends in the entire game.
 D = Other kills in this place as a percentage of other kills in the entire game.
 E = Experience gained in this place as a percentage of experience gained in the entire game.
 F = Experience gained in this place divided by the number of levels of this place that you have seen.
                   A       B       C       D       E      F
               +-------+-------+-------+-------+-------+----------------------
         Total | 100.0 | 100.0 |   N/A |   N/A | 100.0 |  29.5
       Dungeon | 100.0 | 100.0 |   N/A |   N/A | 100.0 |  29.5
               +-------+-------+-------+-------+-------+----------------------

Table legend: (Time is in decaauts)
 A = Elapsed time spent in this place.
 B = Non-inter-level travel time spent in this place.
 C = Inter-level travel time spent in this place.
 D = Time resting spent in this place.
 E = Time spent auto-exploring this place.
 F = Levels seen in this place.
 G = Mean time per level.
                   A        B        C        D        E       F      G
               +--------+--------+--------+--------+--------+-----+--------+
         Total |   1361 |   1360 |      1 |      0 |   1026 |   2 |  680.5 |
       Dungeon |   1361 |   1360 |      1 |      0 |   1026 |   2 |  680.5 |
               +--------+--------+--------+--------+--------+-----+--------+

Top non-repeatable levels by time:
     D:1: 802 daAuts
     D:2: 559 daAuts
